 Dungeon Crawl Stone Soup version bcrawl-1.31.4 (webtiles) character file.

Game seed: 9953493622736584642

135036 Morbidden the Sneak (level 3, -3/21 HPs)
             Began as a Vine Stalker Rogue on May 28, 2021.
             Killed from afar by a crimson imp (13 damage)
             ... with a flame tongue
             ... on level 2 of the Dungeon.
             The game lasted 00:01:53 (591 turns).

Morbidden the Sneak (Vine Stalker Rogue)             Turns: 591, Time: 00:01:54

Health: -3/21      AC:  3    Str: 13    XL:     3   Next: 14%
Magic:  5/5        EV: 12    Int: 12    God:
Gold:   96         SH:  0    Dex: 15    Spells: 2/2 levels left

rFire    . . .     SeeInvis .   l - +1 short sword (drain)
rCold    . . .     Gourm    .   (no shield)
rNeg     . . .     Faith    .   c - +0 robe
rPois    .         Spirit   .   (no helmet)
rElec    .         Reflect  .   d - +0 cloak
rCorr    .         Harm     .   (no gloves)
MR       .....                  (no boots)
Stlth    +++.......             (no amulet)
HPRegen  0.47/turn              (no ring)
MPRegen  0.09/turn              (no ring)

@: no status effects
A: fangs 2, regeneration 1, no potion heal 3, rot immunity, strong jaws
a: no special abilities


You were on level 2 of the Dungeon.
You were hungry.

You visited 1 branch of the dungeon, and saw 2 of its levels.

You collected 96 gold pieces.

Inventory:

Hand Weapons
 a - a +2 dagger
 b - a +0 blowgun
 l - a +1 short sword of draining (weapon)
Missiles
 h - 80 poisoned needles
Armour
 c - a +0 robe (worn)
 d - a +0 cloak (worn)
 j - a scarf of stasis
 m - a +3 leather armour
Jewellery
 p - a +5 ring of protection {unknown}
Wands
 f - a wand of flame (15)
 g - a wand of enslavement (13)
Scrolls
 k - 4 scrolls of immolation
 q - a scroll of enchant weapon {unknown}
 s - a scroll of teleportation {unknown}
Potions
 n - a potion of might {unknown}
 o - a potion of magic {unknown}
 r - a potion of mutation {unknown}
Comestibles
 e - 3 rations {!d}


   Skills:
 * Level 2.0 Fighting
 * Level 1.9 Short Blades
 * Level 1.1 Dodging
 + Level 6.7 Stealth
 + Level 1.7 Evocations


You had 2 spell levels left.
You didn't know any spells.
Your spell library was empty.

Dungeon Overview and Level Annotations

Branches:
Dungeon (2/12)

Altars:


Innate Abilities, Weirdness & Mutations

You have extremely sharp teeth.
Your natural rate of healing is unusually fast.
Potions cannot restore your health.
You are immune to rotting.
Your bites deal extra damage.


Message History

The crimson imp is heavily wounded.
The crimson imp closely misses you. The crimson imp hits you.
The crimson imp blinks!
The kobold hits you with a +0 short sword.
The goblin hits you with a +0 club.
You see here a jackal corpse.
You hit the kobold.
The kobold is moderately wounded.
The kobold hits you with a +0 short sword.
The goblin hits you with a +0 club.
You hit the kobold.
You kill the kobold!
The jackal bites you but does no damage.
The goblin misses you.
You hit the jackal. You drain the jackal.
You kill the jackal!
The crimson imp breathes fire at you. The flame tongue hits you!
Ouch! That really hurt!
You die...

## #.. #.#
#.# ### #.#
...
#####.##.###
#.@†5l......
#.##g..#.##
#.##...#.#
#.#......#
#.#.#.#######
#.#....##....
#.#..........
#.#.....#.###
#.#.#.#.#...
$#


You could see a crimson imp, a goblin and a frilled lizard.

Vanquished Creatures
  A leopard gecko (D:1)
  2 giant cockroaches
  3 goblins (D:1)
  2 hobgoblins (D:1)
  2 jackals (D:2)
  3 bats (D:1)
  6 frilled lizards
  5 kobolds
  2 rats (D:1)
26 creatures vanquished.

Vanquished Creatures (collateral kills)
  A worm (D:2)
1 creature vanquished.

Grand Total: 27 creatures vanquished

Notes
Turn   | Place    | Note
-------+----------+-------------------------------------------
     0 | D:1      | Morbidden the Vine Stalker Rogue began the quest for the
                  | Orb.
     0 | D:1      | Reached XP level 1. HP: 12/12 MP: 3/3
    38 | D:1      | Reached skill level 6 in Stealth
   123 | D:1      | Reached XP level 2. HP: 17/17 MP: 4/4
   489 | D:2      | Noticed a crimson imp
   534 | D:2      | Reached skill level 1 in Dodging
   534 | D:2      | Reached XP level 3. HP: 21/21 MP: 5/5
   591 | D:2      | Killed from afar by a crimson imp

Skill      XL: |  1  2  3 |
---------------+----------+-----
Stealth        | 6 |  6.7
Dodging        | 1 |  1.1
Fighting       | 2 |  2.0
Short Blades   | |  1.9
Evocations     | |  1.7

Action                   || total
-------------------------++-------
Melee: Dagger            ||    84
       Bite              ||    10
       Short sword       ||    19
Evoke: Wand              ||     2
  Use: Scroll            ||     2
 Stab: Sleeping          ||     9
Armor: Robe              ||    25
Dodge: Dodged            ||    60
